 Dungeon Crawl Stone Soup version 0.28-a0-79-g444c7a33f5 (webtiles) character file.

Game seed: 4245855404749505180

32 arson the Skirmisher (level 3, -12/20 HPs)
             Began as a Vine Stalker Berserker on Aug 3, 2021.
             Was a Follower of Trog.
             Mangled by a wyvern (15 damage)
             ... on level 4 of the Dungeon.
             The game lasted 00:01:42 (1520 turns).

arson the Skirmisher (Vine Stalker Berserker)       Turns: 1520, Time: 00:01:43

Health: -12/20     AC:  4    Str: 20    XL:     3   Next: 27%
Magic:  0/4        EV: 11    Int:  7    God:    Trog [*.....]
Gold:   26         SH:  0    Dex: 13    Spells: 2/2 levels left

rFire   . . .      SeeInvis .   a - +0 hand axe
rCold   + . .      Faith    .   (no shield)
rNeg    . . .      Spirit   +   h - +1 leather armour {rC+}
rPois   .          Reflect  .   (no helmet)
rElec   .          Harm     .   (no cloak)
rCorr   .          Rampage  .   (no gloves)
Will    .....                   (no boots)
Stlth   +.........              (no amulet)
HPRegen 0.06/turn               (no ring)
MPRegen 0.09/turn               (no ring)

@: no status effects
A: fangs 2, magic shield, antimagic bite, no potion heal 2
a: Renounce Religion, Berserk


You were on level 4 of the Dungeon.
You worshipped Trog.
Trog was aware of your devotion.
You visited 1 branch of the dungeon, and saw 3 of its levels.

You collected 26 gold pieces.

Inventory:

Hand Weapons
 a - a +0 hand axe (weapon)
Armour
 b - a +0 animal skin
 e - a +0 ring mail
 h - a +1 leather armour of cold resistance (worn)
Scrolls
 d - a scroll of silence {unknown}
 f - a scroll of enchant armour {unknown}
 g - a scroll of amnesia {unknown}
 j - a scroll of teleportation {unknown}
Potions
 c - a potion of curing {unknown}
 i - a potion of heal wounds {unknown}


   Skills:
 + Level 3.3 Fighting
 + Level 3.3 Axes
 - Level 1.5 Armour
 - Level 1.5 Dodging


You had 2 spell levels left.
You didn't know any spells.
Your spell library was empty.

Dungeon Overview and Level Annotations

Branches:
Dungeon (2/15)

Altars:

Shops:
D:1 *


Innate Abilities, Weirdness & Mutations

You have extremely sharp teeth.
When hurt, damage is shared between your health and your magic reserves.
Your bite disrupts and absorbs the magic of your enemies.
Potions cannot restore your health.


Message History

The hobgoblin is moderately wounded.
The hobgoblin hits you.
You are too injured to fight recklessly!
You are too injured to fight recklessly!
You are too injured to fight recklessly!
You are too injured to fight recklessly!
You hit the hobgoblin but do no damage. Your bite misses the hobgoblin.
The hobgoblin is moderately wounded.
The hobgoblin hits you but does no damage.
You hit the hobgoblin but do no damage. You bite the hobgoblin.
You drain its power.
You feel invigorated.
The hobgoblin is almost dead.
The hobgoblin hits you.
You hit the hobgoblin.
You kill the hobgoblin!
Trog accepts your kill.
You see here a hobgoblin corpse.
You start resting.
Magic restored.
You start resting.
HP restored.
You see here a +0 dagger.
Found 17 arrows.
You see here 17 arrows.
You fall into a shaft and drop 2 floors!
The shaft crumbles and collapses.
An adder comes into view.
Found a stone staircase leading down.
A wyvern comes into view.
The wyvern hisses angrily.
Found a scroll labelled ZICIMUMAAG.
The wyvern bites you. The wyvern bites you! The wyvern bites you!
* * * LOW HITPOINT WARNING * * *
Okay, then.
Unknown command.
The wyvern closely misses you. The wyvern bites you!
Ouch! That really hurt!
You die...

#. ###.# #..?.
########
#..###......#
#.........#
.....>####.##.#
....# #S# ###
#l# #@#
#......#
######.#


You could see a wyvern and an adder.

Vanquished Creatures
  An adder (D:2)
  3 dart slugs (D:1)
  3 ball pythons (D:1)
  2 bats
  An endoplasm (D:1)
  A goblin (D:1)
  A hobgoblin (D:2)
  A quokka (D:1)
  2 frilled lizards (D:1)
  A kobold (D:2)
16 creatures vanquished.

Notes
Turn   | Place    | Note
-------+----------+-------------------------------------------
     0 | D:1      | arson the Vine Stalker Berserker began the quest for the
                  | Orb.
     0 | D:1      | Reached XP level 1. HP: 11/11 MP: 2/2
   538 | D:1      | Reached XP level 2. HP: 16/16 MP: 3/3
   561 | D:1      | Found Qur Hush's Assorted Antiques.
  1255 | D:2      | Reached XP level 3. HP: 13/20 MP: 1/4
  1509 | D:2      | You fall into a shaft and drop 2 floors!
  1513 | D:4      | Noticed a wyvern
  1520 | D:4      | Mangled by a wyvern

Illustrated notes

Levels and vault maps discovered:
D:1:      psy_arrival_conway, layout_basic, serial_shops, shop_fountains,
          hex_tiny
D:2:      layout_basic, uniq_crazy_yiuf_cottage
D:4:      layout_loops_cross, sigmund_edmund_badplayer, uniq_robin

Skill      XL: |  1 |
---------------+----+-----
Fighting       | 3 |  3.3
Axes           | 3 |  3.3
Armour         | |  1.5
Dodging        | |  1.5

Action                   || total
-------------------------++-------
Melee: Hand axe          ||    51
       Bite              ||    14
Invok: Berserk           ||     1
Armor: Animal skin       ||     2
       Leather armour    ||    12
       Ring mail         ||     1
Dodge: Dodged            ||    38

Table legend: (Time is in decaauts)
 A = Elapsed time spent in this place.
 B = Non-inter-level travel time spent in this place.
 C = Inter-level travel time spent in this place.
 D = Time resting spent in this place.
 E = Time spent auto-exploring this place.
 F = Levels seen in this place.
 G = Mean time per level.
                   A        B        C        D        E       F      G
               +--------+--------+--------+--------+--------+-----+--------+
         Total |   1544 |   1487 |     57 |    502 |    825 |   3 |  514.7 |
       Dungeon |   1544 |   1487 |     57 |    502 |    825 |   3 |  514.7 |
               +--------+--------+--------+--------+--------+-----+--------+

Top non-repeatable levels by time:
     D:1: 1266 daAuts
     D:2: 267 daAuts
     D:4: 10 daAuts
